 Dungeon Crawl Stone Soup version 0.26-a0-474-gfaca0e1de5 (webtiles) character file.

Game seed: 16478439526461367563

76128 DeltaSign the Tortoise (level 15, -4/208 HPs)
             Began as a Minotaur Berserker on July 30, 2020.
             Was the Champion of Trog.
             Collided with a starcursed mass (6 damage)
             ... caused by a wretched star
             ... on level 2 of the Abyss.
             The game lasted 01:01:24 (23906 turns).

DeltaSign the Tortoise (Minotaur Berserker)        Turns: 23906, Time: 01:01:25

Health: -4/208     AC: 23    Str: 27    XL:     15   Next: 11%
Magic:  0/14       EV: 13    Int:  1    God:    Trog [******]
Gold:   1137       SH: 15    Dex: 14    Spells: 14/14 levels left

rFire    + + .     SeeInvis +   D - +2 broad axe (flame)
rCold    + . .     Faith    .   x - +0 kite shield
rNeg     + . .     Spirit   +   m - +0 plate armour of Starshine {*Contam rC+ rN+ SInv}
rPois    .         Reflect  .   F - +2 hat {MR+}
rElec    +         Harm     .   U - +2 cloak of Gozag {rElec}
rCorr    +                      M - +1 pair of gloves
MR       ++...                  f - +0 pair of boots
Stlth    ..........             a - amulet of guardian spirit
HPRegen  0.44/turn              w - ring "Letzeugo" {rF+ Str+6}
MPRegen  0.14/turn              A - ring of resist corrosion

@: berserking, about to teleport, very quick
A: retaliatory headbutt, horns 2, deformed body, [dopey 2], fire resistance 1,
sense surroundings 1, weak 1
a: Berserk, Trog's Hand, Brothers in Arms, Renounce Religion


You were on level 2 of the Abyss.
You worshipped Trog.
Trog was exalted by your worship.
You visited 2 branches of the dungeon, and saw 17 of its levels.
You visited the Abyss 1 time.
You also visited: Bailey and Gauntlet.

You collected 1267 gold pieces.
You spent 130 gold pieces at shops.

Inventory:

Hand Weapons
 D - a +2 broad axe of flaming (weapon)
Armour
 f - a +0 pair of boots (worn)
 m - the +0 plate armour of Starshine (worn) {*Contam rC+ rN+ SInv}
   (You found it in a Gauntlet)

   It protects you from cold.
   It protects you from negative energy.
   It lets you see invisible.
   It causes magical contamination when unequipped.
 x - a +0 kite shield (worn)
 F - a +2 hat of magic resistance (worn)
 M - a +1 pair of gloves (worn)
 U - the +2 cloak of Gozag (worn) {rElec}
   (You found it on level 6 of the Lair of Beasts)

   It insulates you from electricity.
Jewellery
 a - an amulet of guardian spirit (around neck)
 h - an uncursed ring of protection from fire
 k - the ring "Tusad" {rElec rPois Int-4 Dex+4 Stlth+}
   (You acquired it on level 3 of the Lair of Beasts)

   [ring of stealth]

   It affects your intelligence (-4).
   It affects your dexterity (+4).
   It insulates you from electricity.
   It protects you from poison.
   It makes you more stealthy.
 w - the ring "Letzeugo" (left hand) {rF+ Str+6}
   (You found it in a Gauntlet)

   [ring of strength]

   It affects your strength (+6).
   It protects you from fire.
 y - an uncursed ring of ice
 A - a ring of resist corrosion (right hand)
 P - an uncursed ring of protection from cold
Wands
 n - a wand of disintegration (16)
 z - a wand of paralysis (24)
 E - a wand of polymorph (3)
 J - a wand of flame (116)
 K - a wand of enslavement (7)
 L - a wand of digging (8)
 O - a wand of iceblast (12)
 R - a wand of acid (13)
Scrolls
 b - 5 scrolls of enchant armour
 i - a scroll of enchant weapon
 j - 8 scrolls of teleportation
 l - 2 scrolls of torment
 r - 2 scrolls of fear
 s - 4 scrolls of fog
 t - 9 scrolls of remove curse
 v - 2 scrolls of immolation
 C - 4 scrolls of blinking
 N - 2 scrolls of magic mapping
 Q - 2 scrolls of summoning
 S - a scroll of vulnerability {unknown}
Potions
 c - a potion of cancellation
 d - 6 potions of stabbing
 g - 3 potions of flight
 o - 6 potions of curing
 p - 5 potions of magic
 q - 3 potions of lignification
 u - 2 potions of might
 B - a potion of mutation
 I - 2 potions of resistance


   Skills:
 * Level 14.3 Fighting
 * Level 16.3 Axes
 + Level 17.9 Armour
 - Level 8.7 Dodging
 * Level 17.5 Shields


You had 14 spell levels left.
You didn't know any spells.
Your spell library was empty.

Dungeon Overview and Level Annotations

Branches:
Dungeon (11/15)            Temple (0/1) D:5            Lair (6/6) D:9
  Swamp (0/4) Lair:3       Spider (0/4) Lair:4        Slime (0/5) Lair:5
    Orc (0/2) D:10         Bailey (visited)         Gauntlet (visited)

Altars:
Ashenzari
Dithmenos
Elyvilon
Fedhas
Gozag
Kikubaaqudgha
Makhleb
Nemelex Xobeh
Okawaru
Qazlal
Trog
Vehumet
Wu Jian
Xom
Jiyva

Shops:
D:8 [   D:11 (*?[!

Portals:
Abyss: D:11

Annotations:
D:4 exclusion: oklob plant
D:11 1 transporter, Sickboy's ghost, journeyman DECj


Innate Abilities, Weirdness & Mutations

You reflexively headbutt those who attack you in melee.
You have a pair of horns on your head.
Armour fits poorly on your strangely shaped body.
Your flesh is heat resistant. (rF+)
You passively map a small area around you.
You are weak. (Str -2)
[You are very dopey. (Int -4)]


Message History

A red film seems to cover your vision as you go berserk!
You feel yourself moving faster!
You feel mighty!
The wretched star glows turbulently.
The lance of force hits you.
* * * LOW HITPOINT WARNING * * *
You are knocked back by the lance of force.
You collide with the starcursed mass!
The starcursed mass is destroyed!
* * * LOW HITPOINT WARNING * * *
A starcursed mass splits.
You slash the starcursed mass! You burn the starcursed mass.
You destroy the starcursed mass!
Trog accepts your kill.
You barely miss the wretched star.
The wretched star glows turbulently.
The lance of force hits you!!
* * * LOW HITPOINT WARNING * * *
You are knocked back by the lance of force.
You collide with the starcursed mass!
You die...

###... .# .
. #... ...#
#.. ###
##..###
#####.X.#
#.#.....#
#..X###.# #
#X#X#.### #
#@.#....#
#.##......#
#......#.##
#....*##...#
#..#.##X
.##.. ..##.#
.. . ## .
... ##.#.
#.. .###
#... #


You could see 3 starcursed masses, a tentacled starspawn and a wretched star.

Vanquished Creatures
  3 tentacled starspawn
  Kirke (Lair:4)
  Gastronok (D:8)
  3 very ugly things (Abyss:2)
  A minotaur (Gauntlet)
  Harold (D:9)
  A fire dragon (Lair:6)
  Fannar (Lair:3)
  A great orb of eyes (Gauntlet)
  2 hydras (Lair:6)
  A two-headed ogre (D:9)
  2 thrashing horrors (Abyss:1)
  Urug (Lair:2)
  Nergalle (Lair:4)
  A wretched star (Abyss:1)
  2 glowing orange brains
  A swamp dragon (Lair:6)
  Pikel (D:9)
  3 oklob plants (Lair:5)
  A worldbinder (Abyss:1)
  A wolf spider (Lair:6)
  5 ugly things
  A moth of wrath (Gauntlet)
  An iron dragon skeleton (Abyss:2)
  11 black mambas
  17 elephants
  A guardian serpent (Lair:6)
  Maurice (D:8)
  3 smoke demons
  Maggie (D:7)
  13 cane toads
  A hellion (Abyss:2)
  5 komodo dragons
  A polar bear (Lair:2)
  2 ancient zymes
  3 raiju (Abyss:2)
  3 hornets
  16 blink frogs
  Prince Ribbit (D:5)
  A bog body (Lair:3)
  7 dream sheep (Lair:6)
  8 hippogriffs
  6 starcursed masses
  6 shadows
  3 redbacks (Lair:6)
  A spriggan (Lair:2)
  11 wyverns
  Sigmund (D:2)
  2 ynoxinuls
  30 yaks
  4 fire bats (Abyss:2)
  4 large abominations
  2 vampires (D:9)
  2 hogs (Lair:4)
  3 basilisks
  A chaos spawn (Abyss:2)
  A steam dragon (Lair:6)
  A neqoxec (Abyss:1)
  Grum (D:9)
  An insubstantial wisp (Abyss:1)
  2 acid dragons (Lair:6)
  23 water moccasins
  Duvessa (D:5)
  5 small abominations
  9 porcupines
  2 swamp drakes (Lair:6)
  19 orc warriors
  An ice beast (D:11)
  2 black bears
  3 sky beasts
  An eye of draining (D:11)
  11 centaurs
  4 ogres
  2 phantoms
  A necrophage (D:11)
  20 wolves
  5 crocodiles
  3 lemures (D:9)
  A big kobold (D:9)
  10 bullfrogs
  A gnoll sergeant (D:8)
  Dowan (D:5)
  7 scorpions
  3 wights (D:10)
  8 killer bees
  A howler monkey (D:5)
  5 electric eels
  A crimson imp (Abyss:2)
  2 bullfrog zombies
  3 quasits
  A centaur zombie (D:7)
  An iron imp (Abyss:2)
  4 hounds
  11 orc priests
  A bullfrog skeleton (D:9)
  5 jellies
  5 orc wizards
  2 centaur skeletons
  An iguana (D:11)
  Natasha (thrice) (D:4)
  2 worker ants
  A hound skeleton (D:4)
  A worker ant zombie (D:11)
  14 adders
  7 gnolls
  A howler monkey skeleton (D:6)
  3 shadow imps
  5 white imps
  3 ufetubi
  8 oozes (D:2)
  4 worms
  A dart slug (D:2)
  7 leopard geckos
  56 orcs
  A ball python (D:3)
  6 giant cockroaches
  6 hobgoblins
  9 jackals
  2 quokkas
  5 bats
  7 frilled lizards
  6 goblins
  14 kobolds
  A leopard gecko skeleton (D:4)
  11 rats
  2 bushes (Lair:2)
  A fungus (D:2)
  2 lurking horrors (Abyss:2)
  7 plants
  A starspawn tentacle (Abyss:1)
597 creatures vanquished.

Vanquished Creatures (others)
  A wretched star (Abyss:2)
  An acid dragon (Lair:6)
  A starcursed mass (Abyss:2)
  12 fungi (Lair:6)
  19 plants
  5 starspawn tentacles
  13 toadstools (D:2)
52 creatures vanquished.

Grand Total: 649 creatures vanquished

Notes
Turn   | Place    | Note
-------+----------+-------------------------------------------
     0 | D:1      | DeltaSign the Minotaur Berserker began the quest for the
                  | Orb.
     0 | D:1      | Reached XP level 1. HP: 19/19 MP: 0/0
   206 | D:1      | Reached XP level 2. HP: 27/27 MP: 1/1
   682 | D:2      | Found a shattered altar of Ashenzari.
   903 | D:2      | Reached XP level 3. HP: 33/33 MP: 2/2
   909 | D:2      | Reached ** piety under Trog
   943 | D:2      | Reached XP level 4. HP: 30/40 MP: 3/3
   949 | D:2      | Reached skill level 5 in Axes
   951 | D:2      | Reached XP level 5. HP: 34/47 MP: 4/4
  1376 | D:2      | Noticed Sigmund
  1385 | D:2      | Killed Sigmund
  1385 | D:2      | Reached XP level 6. HP: 55/55 MP: 5/5
  1677 | D:3      | Reached skill level 5 in Fighting
  1922 | D:3      | Found a white marble altar of Elyvilon.
  1926 | D:3      | Found a burning altar of Makhleb.
  1926 | D:3      | Found an opulent altar of Gozag.
  1926 | D:3      | Found a radiant altar of Vehumet.
  2030 | D:3      | Found a burning altar of Makhleb.
  2030 | D:3      | Noticed a blizzard demon
  2062 | D:3      | Reached *** piety under Trog
  2409 | D:4      | Noticed Natasha
  2426 | D:4      | Killed Natasha
  2482 | D:4      | Noticed Natasha
  2491 | D:4      | Killed Natasha
  2491 | D:4      | Reached XP level 7. HP: 53/61 MP: 6/6
  2688 | D:4      | Found a blossoming altar of Fedhas.
  2707 | D:4      | Noticed an oklob plant
  3054 | D:4      | Found a shadowy altar of Dithmenos.
  3545 | D:4      | Noticed Natasha
  3550 | D:4      | Killed Natasha
  3605 | D:4      | Found a shadowy altar of Dithmenos.
  3871 | D:5      | Entered Level 5 of the Dungeon
  3872 | D:5      | Found a staircase to the Ecumenical Temple.
  3904 | D:5      | Reached skill level 5 in Armour
  4128 | D:5      | Noticed Duvessa
  4129 | D:5      | Noticed Dowan
  4139 | D:5      | Killed Duvessa
  4146 | D:5      | Killed Dowan
  4402 | D:5      | Reached XP level 8. HP: 62/70 MP: 7/7
  4508 | D:5      | Reached skill level 5 in Dodging
  5138 | D:5      | Noticed Prince Ribbit
  5353 | D:5      | Found a staircase to the Ecumenical Temple.
  5379 | D:5      | Killed Prince Ribbit
  5525 | D:6      | Found a stormy altar of Qazlal.
  5528 | D:6      | Reached **** piety under Trog
  5607 | D:6      | Found a shimmering blue altar of Sif Muna.
  5609 | D:6      | Found a white marble altar of Elyvilon.
  5609 | D:6      | Found a white marble altar of Elyvilon.
  5611 | D:6      | Found an ancient bone altar of Kikubaaqudgha.
  5611 | D:6      | Found a shattered altar of Ashenzari.
  5611 | D:6      | Found a shimmering altar of Xom.
  5865 | D:6      | Noticed a moth of wrath
  5869 | D:6      | Found a bloodstained altar of Trog.
  6177 | D:7      | Noticed Maggie
  6193 | D:7      | Killed Maggie
  6193 | D:7      | Reached XP level 9. HP: 39/79 MP: 8/8
  6466 | D:7      | Found a sparkling altar of Nemelex Xobeh.
  6480 | D:7      | Found an iron altar of Okawaru.
  7044 | D:8      | Reached skill level 10 in Axes
  7235 | D:8      | Noticed a lindwurm
  7235 | D:8      | Noticed a lindwurm
  7239 | D:8      | Noticed Maurice
  7248 | D:8      | Paralysed by something for 7 turns
  7273 | D:8      | Killed Maurice
  7443 | D:8      | Noticed a lindwurm
  7451 | D:8      | Noticed a lindwurm
  7541 | D:8      | Found an ornate altar of the Wu Jian Council.
  7551 | D:8      | Noticed Gastronok
  7562 | D:8      | Killed Gastronok
  7562 | D:8      | Reached XP level 10. HP: 35/90 MP: 3/9
  7827 | D:8      | Found Biyfanat's Antique Armour Shoppe.
  7841 | D:8      | Got an iridescent war axe
  7842 | D:8      | Identified the +6 war axe of the Vase {venom, rElec rPois
                  | MR+} (You found it on level 8 of the Dungeon)
  7846 | D:8      | Bought a buckler for 130 gold pieces
  8144 | D:9      | Noticed Harold
  8164 | D:9      | Killed Harold
  8329 | D:9      | Reached ***** piety under Trog
  8718 | D:9      | Noticed Pikel
  8730 | D:9      | Killed Pikel
  9069 | D:9      | Noticed Grum
  9083 | D:9      | Killed Grum
  9484 | D:9      | Noticed a two-headed ogre
  9489 | D:9      | Killed a two-headed ogre
  9489 | D:9      | Reached skill level 5 in Shields
  9489 | D:9      | Reached XP level 11. HP: 65/97 MP: 6/10
  9658 | D:9      | Found a staircase to the Lair.
  9890 | D:10     | Entered Level 10 of the Dungeon
  9949 | D:10     | Found a flagged portal.
  9961 | Bailey   | Entered a bailey
 10415 | Bailey   | Received a gift from Trog
 11180 | D:10     | HP: 1/99 [electric eel/bolt of electricity (4)]
 11586 | D:10     | Reached skill level 10 in Fighting
 11586 | D:10     | Reached skill level 10 in Armour
 11596 | D:10     | Found a staircase to the Orcish Mines.
 12149 | D:11     | Found Alacapn's Antique Armour Shop.
 12186 | D:11     | Found Imir Yhall's Distillery.
 12277 | D:11     | Found Kempy's Magic Scroll Boutique.
 12638 | D:11     | Noticed a cyan ugly thing
 12652 | D:11     | Killed a cyan ugly thing
 12838 | D:11     | Found Wiunur's Assorted Antiques.
 12966 | D:11     | Found Sigoaful's Weapon Boutique.
 12990 | D:11     | Noticed a white ugly thing
 12991 | D:11     | Found a transporter.
 12997 | D:11     | Killed a white ugly thing
 13087 | D:11     | Found a transporter.
 13581 | Lair:1   | Entered Level 1 of the Lair of Beasts
 13656 | Lair:1   | Reached ****** piety under Trog
 13757 | Lair:1   | Reached skill level 10 in Shields
 13818 | Lair:1   | Reached XP level 12. HP: 96/108 MP: 9/11
 14493 | Lair:2   | Noticed Urug
 14511 | Lair:2   | Killed Urug
 15589 | Lair:3   | Found a gate leading to a gauntlet.
 15602 | Gauntlet | Entered a Gauntlet
 15602 | Gauntlet | Found a transporter.
 15602 | Gauntlet | Found a transporter.
 15602 | Gauntlet | Found a transporter.
 15603 | Gauntlet | Found a transporter.
 15606 | Gauntlet | Found a transporter.
 15606 | Gauntlet | Found a transporter.
 15608 | Gauntlet | Found a large runed translucent door.
 15609 | Gauntlet | Found a large runed translucent door.
 15610 | Gauntlet | Found a large runed translucent door.
 15610 | Gauntlet | Found a large runed translucent door.
 15610 | Gauntlet | Found a runed translucent door.
 15610 | Gauntlet | Found a runed translucent door.
 15611 | Gauntlet | Found a large runed translucent door.
 15611 | Gauntlet | Found a large runed translucent door.
 15611 | Gauntlet | Found a large runed translucent door.
 15611 | Gauntlet | Found a large runed translucent door.
 15612 | Gauntlet | Found a large runed translucent door.
 15612 | Gauntlet | Found a large runed translucent door.
 15613 | Gauntlet | Found a large runed translucent door.
 15613 | Gauntlet | Found a large runed translucent door.
 15614 | Gauntlet | Found a runed translucent gate.
 15614 | Gauntlet | Found a runed translucent gate.
 15614 | Gauntlet | Found a runed translucent gate.
 15616 | Gauntlet | Found a transporter.
 15620 | Gauntlet | Found a transporter.
 15630 | Gauntlet | Found a transporter.
 15632 | Gauntlet | Noticed a great orb of eyes
 15635 | Gauntlet | Found a transporter.
 15656 | Gauntlet | Found a transporter.
 15658 | Gauntlet | Found a transporter.
 15724 | Gauntlet | Found a large runed translucent door.
 15724 | Gauntlet | Found a large runed translucent door.
 15727 | Gauntlet | Found a large runed translucent door.
 15727 | Gauntlet | Found a large runed translucent door.
 15909 | Gauntlet | Got a warped golden ring
 15911 | Gauntlet | Identified the ring "Oblass" {Ice *Drain Str+5} (You found
                  | it in a Gauntlet)
 16049 | Gauntlet | Got a distressingly furry plate armour
 16060 | Gauntlet | Identified the cursed +0 plate armour of Starshine {*Contam
                  | rC+ rN+ SInv} (You found it in a Gauntlet)
 16072 | Gauntlet | Killed a great orb of eyes
 16092 | Gauntlet | Got a coiled bronze ring
 16096 | Gauntlet | Identified the ring "Letzeugo" {rF+ Str+6} (You found it in
                  | a Gauntlet)
 16159 | Gauntlet | Noticed a minotaur
 16164 | Gauntlet | Killed a minotaur
 16222 | Lair:3   | Reached skill level 15 in Armour
 16260 | Lair:3   | Found a staircase to the Swamp.
 16573 | Lair:3   | Reached XP level 13. HP: 64/116 MP: 7/12
 17226 | Lair:3   | Noticed Fannar
 17240 | Lair:3   | Killed Fannar
 17313 | Lair:3   | Identified a scroll of acquirement
 17315 | Lair:3   | Gained mutation: Your body sometimes deteriorates upon
                  | taking damage. [potion of mutation]
 17315 | Lair:3   | Gained mutation: Your muscles are strong. (Str +2) [potion
                  | of mutation]
 17315 | Lair:3   | Gained mutation: You are resistant to hostile enchantments.
                  | (MR+) [potion of mutation]
 17316 | Lair:3   | Lost mutation: Your body sometimes deteriorates upon taking
                  | damage. [potion of mutation]
 17316 | Lair:3   | Lost mutation: You are resistant to hostile enchantments.
                  | (MR+) [potion of mutation]
 17316 | Lair:3   | Lost mutation: Your muscles are strong. (Str +2) [potion of
                  | mutation]
 17316 | Lair:3   | Gained mutation: You passively map a small area around you.
                  | [potion of mutation]
 17316 | Lair:3   | Gained mutation: Your flesh is heat resistant. (rF+)
                  | [potion of mutation]
 17324 | Lair:3   | Acquired the ring "Tusad" {rElec rPois Int-4 Dex+4 Stlth+}
 17388 | Lair:4   | Received a gift from Trog
 17396 | Lair:4   | Reached skill level 15 in Shields
 17622 | Lair:4   | Noticed Kirke
 17626 | Lair:4   | Noticed a sphinx
 17637 | Lair:4   | Killed Kirke
 17826 | Lair:4   | Found a hole to the Spider Nest.
 17888 | Lair:4   | Noticed Nergalle
 17902 | Lair:4   | Killed Nergalle
 18789 | Lair:5   | Found a staircase to the Slime Pits.
 18789 | Lair:5   | Found a viscous altar of Jiyva.
 19377 | Lair:6   | Entered Level 6 of the Lair of Beasts
 19741 | Lair:6   | Received a gift from Trog
 19763 | Lair:6   | Reached XP level 14. HP: 127/127 MP: 11/13
 19811 | Lair:6   | Reached skill level 15 in Axes
 22330 | Lair:6   | Got an encrusted cloak
 22341 | Lair:6   | Identified the +2 cloak of Gozag {rElec} (You found it on
                  | level 6 of the Lair of Beasts)
 22659 | D:11     | Found a one-way gate to the infinite horrors of the Abyss.
 22659 | D:11     | Noticed Sickboy's ghost (journeyman DECj)
 22660 | D:11     | Cast into level 1 of the Abyss (gnoll sergeant)
 22676 | Abyss:1  | Found a corrupted altar of Lugonu.
 22723 | Abyss:1  | Found a corrupted altar of Lugonu.
 22869 | Abyss:1  | Noticed an ironheart preserver
 22875 | Abyss:1  | Noticed a tentacled starspawn
 22880 | Abyss:1  | Killed a tentacled starspawn
 22998 | Abyss:1  | Noticed a starcursed mass
 22999 | Abyss:1  | Found a corrupted altar of Lugonu.
 23013 | Abyss:1  | Received a gift from Trog
 23025 | Abyss:1  | Gained mutation: Armour fits poorly on your strangely
                  | shaped body. [a neqoxec]
 23026 | Abyss:1  | Gained mutation: You are very weak. (Str -4) [a neqoxec]
 23060 | Abyss:2  | Noticed a tentacled starspawn
 23079 | Abyss:2  | Killed a tentacled starspawn
 23676 | Abyss:2  | Noticed a red very ugly thing
 23681 | Abyss:2  | Noticed a red very ugly thing
 23686 | Abyss:2  | Noticed a red very ugly thing
 23688 | Abyss:2  | Killed a cyan very ugly thing
 23694 | Abyss:2  | Killed a red very ugly thing
 23694 | Abyss:2  | Reached XP level 15. HP: 51/138 MP: 8/14
 23719 | Abyss:2  | Paralysed by accursed screaming for 2 turns
 23756 | Abyss:2  | Noticed a tentacled starspawn
 23763 | Abyss:2  | Killed a tentacled starspawn
 23904 | Abyss:2  | Noticed a tentacled starspawn
 23906 | Abyss:2  | HP: 2/208 [wretched star/lance of force (16)]
 23906 | Abyss:2  | Collided with a starcursed mass

Illustrated notes

Levels and vault maps discovered:
D:1:      lemuel_arrival_lava_pool, layout_basic, grunt_decor_arrowhead
D:2:      cheibrodos_fertilizer, layout_basic, evilmike_ruin_ashenzari,
          solitary_fountain, uniq_sigmund
D:3:      layout_rooms, chequers_temple_overflow_statue_of_worship,
          serial_bayou_pond_e, makhleb_altar_promises_db
D:4:      layout_loops_ring, grunt_dithmenos_shadows,
          hangedman_abyss_or_decor_stabs, tgw_fedhas, uniq_natasha
D:5:      layout_basic, minmay_temple_entry_ruins, uniq_prince_ribbit1,
          uniq_duvessa
D:6:      layout_loops_ring, tgw_trog, doesnt_xom_only_xom, lemuel_crystal_altar
D:7:      layout_rooms, nicolae_overflow_hidden_temple, okawaru_gym_becter,
          grunt_ministairs_15, uniq_maggie
D:8:      layout_basic, kennysheep_mini, serial_shops, nicolae_shop_crystal,
          minmay_misc_feat_tower, minmay_lindwurm_lava, uniq_gastronok,
          uniq_maurice
D:9:      layout_grid_maze, dpeg_oklobed_lair, roderic_cross_of_infinity,
          uniq_grum, uniq_pikel, uniq_harold
D:10:     layout_rooms, erik_orc_2, enter_bailey_2
D:11:     layout_stronghold, gammafunk_ghost_abyssal_escape, serial_shops,
          nicolae_shop_statue_plus, kennysheep_little_box,
          nicolae_shop_waterfront, nicolae_shop_statue_plus, shop_fountains
Lair:1:   layout_roguey
Lair:2:   layout_hall_layers, grunt_forest_large_clearing_hut,
          serial_bayou_shore_a, uniq_urug
Lair:3:   layout_cave_shapes, skrybe_swamp_entry_bodies, gauntlet_entry_generic,
          minivault_26, grunt_megastairs_4, infiniplex_staircase_pool_2,
          uniq_fannar
Lair:4:   layout_regular_city, nicolae_spider_entry_non_spiders, uniq_nergalle,
          uniq_kirke
Lair:5:   layout_cave_pods, slime_altar_1, lemuel_fruit_fields,
          minmay_lair_oklob_chamber
Lair:6:   hangedman_lair_tendril_chambers, layout_misc_corridors,
          guppyfry_lair_end_dragon, grunt_megastairs_3
Abyss:2:  base: D:5, hangedman_abyss_shoalhut

Skill      XL: |  1  2  3  4  5  6  7  8  9 10 11 12 13 14 |
---------------+-------------------------------------------+-----
Axes           | 4 5 6 7 9 11 12 13 14 16 | 16.3
Fighting       | 4 5 6 7 8 9 10 11 12 14 | 14.3
Armour         | 3 4 5 6 8 9 12 15 17 | 17.9
Dodging        | 3 4 6 7 8 |  8.7
Shields        | 5 10 14 16 17 | 17.5

Action                   |  1- 3 |  4- 6 |  7- 9 | 10-12 | 13-15 || total
-------------------------+-------+-------+-------+-------+-------++-------
Melee: Hand axe          |    70 |   108 |    92 |       |       ||   270
       Headbutt          |     6 |    23 |    51 |   105 |   203 ||   388
       Battleaxe         |       |       |   180 |       |       ||   180
       Broad axe         |       |       |       |   597 |   635 ||  1232
Invok: Berserk           |       |     3 |     3 |     8 |     5 ||    19
Evoke: Wand              |       |       |       |    16 |       ||    16
  Use: Scroll            |       |     5 |     7 |     9 |    18 ||    39
       Potion            |       |       |       |     1 |     7 ||     8
Armor: Chain mail        |    48 |    47 |    39 |       |       ||   134
       Plate armour      |       |       |   113 |   276 |   260 ||   649
Dodge: Dodged            |    38 |    37 |   125 |   266 |   240 ||   706
Block: Kite shield       |       |       |       |   386 |   429 ||   815

Table legend: (Time is in decaauts)
 A = Elapsed time spent in this place.
 B = Non-inter-level travel time spent in this place.
 C = Inter-level travel time spent in this place.
 D = Time resting spent in this place.
 E = Time spent auto-exploring this place.
 F = Levels seen in this place.
 G = Mean time per level.
                   A        B        C        D        E       F      G
               +--------+--------+--------+--------+--------+-----+--------+
         Total |  24050 |  23064 |    986 |   5458 |  13582 |  21 | 1145.2 |
       Dungeon |  12764 |  12209 |    555 |   2220 |   8058 |  11 | 1160.4 |
          Lair |   8387 |   7957 |    430 |   2352 |   4584 |   6 | 1397.8 |
         Abyss |   1222 |   1222 |      0 |    355 |    475 |   2 |  611.0 |
        Bailey |   1043 |   1043 |      0 |    313 |    316 |   1 | 1043.0 |
      Gauntlet |    633 |    633 |      0 |    217 |    149 |   1 |  633.0 |
               +--------+--------+--------+--------+--------+-----+--------+

Top non-repeatable levels by time:
  Lair:6: 2441 daAuts
     D:9: 1820 daAuts
  Lair:5: 1697 daAuts
     D:4: 1678 daAuts
     D:5: 1541 daAuts
    D:11: 1462 daAuts
  Lair:2: 1307 daAuts
    D:10: 1225 daAuts
     D:8: 1197 daAuts
  Lair:3: 1180 daAuts
  Bailey: 1043 daAuts
  Lair:4: 1030 daAuts
     D:2: 995 daAuts
 Abyss:2: 856 daAuts
     D:7: 821 daAuts
